 Dungeon Crawl Stone Soup version 0.26.0-16-gc1dbca0489 (webtiles) character file.

Game seed: 904465272277824971

296 kaeus the Skirmisher (level 6, -4/48 HPs)
             Began as a Demonspawn Monk on Jan 21, 2021.
             Slain by an ogre
             ... wielding a +0 giant club
              (20 damage)
             ... on level 4 of the Dungeon.
             The game lasted 00:05:18 (3285 turns).

kaeus the Skirmisher (Demonspawn Monk)              Turns: 3285, Time: 00:05:19

Health: -4/48      AC: 13    Str: 14    XL:     6   Next: 12%
Magic:  6/6        EV:  7    Int: 11    God:
Gold:   222        SH:  0    Dex: 15    Spells: 5/5 levels left

rFire    . . .     SeeInvis .   i - +2 short sword (speed)
rCold    . . .     Faith    .   (no shield)
rNeg     . . .     Spirit   .   f - +0 chain mail
rPois    .         Reflect  .   (no helmet)
rElec    .         Harm     .   (no cloak)
rCorr    .         Rampage  .   (no gloves)
Will     .....                  g - +0 pair of boots
Stlth    ..........             (no amulet)
HPRegen  0.16/turn              (no ring)
MPRegen  0.10/turn              (no ring)

@: no status effects
A: icy blue scales 2, powered by death 1
a: no special abilities


You were on level 4 of the Dungeon.
You visited 1 branch of the dungeon, and saw 4 of its levels.

You collected 222 gold pieces.

Inventory:

Hand Weapons
 a - a +0 hand axe
 i - a +2 short sword of speed (weapon)
Armour
 f - a +0 chain mail (worn)
 g - a +0 pair of boots (worn)
Scrolls
 c - 6 scrolls of identify {unknown}
 d - a scroll of fear {unknown}
 e - a scroll of teleportation {unknown}
 n - a scroll of noise {unknown}
 o - a scroll of enchant armour {unknown}
Potions
 b - a potion of curing {unknown}
 h - a potion of cancellation {unknown}
 j - 2 potions of heal wounds {unknown}
 k - a potion of brilliance {unknown}
 l - a potion of attraction {unknown}
 m - 2 potions of flight {unknown}


   Skills:
 + Level 4.3 Fighting
 + Level 1.6 Short Blades
 - Level 3.3 Axes
 + Level 2.4 Armour
 - Level 2.6 Dodging
 + Level 3.4 Stealth


You had 5 spell levels left.
You didn't know any spells.
Your spell library was empty.

Dungeon Overview and Level Annotations

Branches:
Dungeon (4/15)
 Temple: D:4-7

Altars:
Gozag
Qazlal
Ru
Xom


Innate Abilities, Weirdness & Mutations

You are mostly covered in icy blue scales. (AC +3)
You regenerate a little health from kills.


Message History

As you open the door, it creaks loudly!
An ogre comes into view. It is wielding a +0 giant club.
There is an open door here.
You hit the ogre.
The ogre is lightly wounded.
The ogre barely misses you.
You hit the ogre.
The ogre is moderately wounded.
The ogre hits you with a +0 giant club!!
You hit the ogre.
The ogre is heavily wounded.
You hit the ogre.
The ogre is heavily wounded.
The ogre hits you with a +0 giant club!
You hit the ogre but do no damage.
The ogre is heavily wounded.
You completely miss the ogre.
The ogre is heavily wounded.
The ogre hits you with a +0 giant club!!
You die...

≈≈≈≈≈≈≈≈≈≈≈≈≈≈≈≈≈≈.)).≈≈≈≈≈≈≈≈≈≈≈
≈≈≈≈≈≈≈≈≈≈≈≈≈≈≈≈≈≈....≈≈≈≈≈≈≈≈≈≈≈
≈≈≈≈≈≈≈≈≈≈≈≈≈≈≈≈≈≈....≈≈≈≈≈≈≈≈≈≈≈
###################''############
#....# #))).# #########....##
.......#......# ......O@......+
.......#......# #########....##
#....# #....# ######


You could see an ogre.

Vanquished Creatures
  A centaur zombie (D:2)
  3 orc wizards (D:4)
  A hound skeleton (D:4)
  7 adders
  An ooze (D:3)
  An adder skeleton (D:4)
  3 worms
  6 dart slugs
  4 leopard geckos
  6 orcs
  4 ball pythons
  6 bats
  2 giant cockroaches
  10 goblins
  14 hobgoblins
  3 kobolds (D:3)
  3 quokkas (D:3)
  5 frilled lizards
  8 rats
88 creatures vanquished.

Notes
Turn   | Place    | Note
-------+----------+-------------------------------------------
     0 | D:1      | kaeus the Demonspawn Monk began the quest for the Orb.
     0 | D:1      | Reached XP level 1. HP: 18/18 MP: 1/1
   205 | D:1      | Gained mutation: You regenerate a little health from kills.
                  | [demonic ancestry]
   205 | D:1      | Reached XP level 2. HP: 24/24 MP: 2/2
   647 | D:1      | Reached skill level 1 in Armour
   828 | D:2      | Gained mutation: You are partially covered in icy blue
                  | scales. (AC +2) [demonic ancestry]
   828 | D:2      | Reached XP level 3. HP: 29/29 MP: 3/3
  1120 | D:2      | Gained mutation: You are mostly covered in icy blue scales.
                  | (AC +3) [demonic ancestry]
  1120 | D:2      | Reached XP level 4. HP: 23/36 MP: 4/4
  1708 | D:3      | Found a stormy altar of Qazlal.
  1998 | D:3      | Reached XP level 5. HP: 42/42 MP: 5/5
  2083 | D:3      | Found an opulent altar of Gozag.
  2465 | D:3      | Reached skill level 4 in Fighting
  2633 | D:4      | Reached skill level 1 in Short Blades
  2881 | D:4      | Found a shimmering altar of Xom.
  3142 | D:4      | Found a sacrificial altar of Ru.
  3150 | D:4      | Reached XP level 6. HP: 48/48 MP: 6/6
  3285 | D:4      | Slain by an ogre

Illustrated notes

Levels and vault maps discovered:
D:1:      nzn_arrival_water_spiral, layout_rooms, minmay_shallow_snake_nest
D:2:      layout_rooms
D:3:      layout_loops_ring, general_overflow_altar,
          nicolae_qazlal_general_emergency, minmay_pentomino_pile
D:4:      minmay_goblin_kobold_castle, layout_basic,
          nicolae_overflow_hidden_temple, nicolae_ru_great_annihilating_truth

Skill      XL: |  1  2  3  4  5 |
---------------+----------------+-----
Stealth        | 2 3 |  3.4
Axes           | 3 |  3.3
Armour         | 1 2 |  2.4
Fighting       | 4 |  4.3
Short Blades   | 1 |  1.6
Dodging        | |  2.6

Action                   |  1- 3 |  4- 6 || total
-------------------------+-------+-------++-------
Melee: Hand axe          |   132 |    33 ||   165
       Short sword       |       |   185 ||   185
 Stab: Sleeping          |     1 |       ||     1
       Invisible         |       |     1 ||     1
       Paralysed         |       |     1 ||     1
Armor: Robe              |    12 |       ||    12
       Chain mail        |    54 |   122 ||   176
Dodge: Dodged            |    65 |    59 ||   124
